Map: Ever Dream LE

Players

Has - Winner!

  • Race: Protoss Protoss
  • Spawn Location: 1:00

ExpecT

  • Race: Terran Terran
  • Spawn Location: 7:00

Event: DreamHack SC2 Masters 2020 Summer TwHkMoJp

VOD

Have the link to the VOD?

Description

Time

  • Played on: June 26, 2020, 8:44 a.m.
  • Length: 8:01

All games in this series

Show
View Real Time Build Order
Export as new Build Order

Has Protoss - Winner!

Build Orders:  

Get SALT Encoding   

  12  0:00  Probe  
  13  0:12  Probe  
  14  0:17  Pylon  
  14  0:23  Probe  
  15  0:31  Probe  
  15  0:38  Gateway  
  15  0:40  Probe  
  16  0:45  Assimilator  
  17  0:51  Probe  
  17  0:54  Assimilator  
  18  1:03  Probe  
  19  1:15  Probe  
  20  1:25  Cybernetics Core  
  20  1:31  Probe, Pylon  
  23  1:43  Probe  
  22  1:52  Pylon  
  21  1:55  Probe  
  21  1:57  Stalker  
  24  2:02  Warp Gate  
  24  2:07  Probe  
  25  2:11  Robotics Facility  
  25  2:17  Shield Battery  
  25  2:19  Probe  
  26  2:27  Stalker  
  28  2:32  Probe  
  29  2:49  Gateway x2  
  29  2:52  Observer  
  29  2:57  Stalker  
  31  3:04  Warp Prism  
  33  3:09  Pylon  
  32  3:18  Probe  
  35  3:30  Probe  
  35  3:43  Observer  
  35  3:47  Nexus  
  36  3:50  Sentry  
  39  4:00  Pylon  
  38  4:10  Stalker x2  
  43  4:19  Stalker  
  43  4:22  Probe  
  45  4:27  Pylon  
  45  4:35  Probe  
  46  4:46  Twilight Council  
  46  4:50  Stalker  
  46  4:52  Stalker  
  50  4:57  Probe  
  51  5:05  Probe  
  52  5:07  Blink  
  52  5:09  Probe  
  53  5:15  Stalker  
  53  5:16  Stalker  
  53  5:20  Observer  
  59  5:24  Probe  
  59  5:26  Probe  
  59  5:32  Probe  
  62  5:44  Probe  
  62  5:45  Stalker  
  62  5:46  Stalker  
  67  5:50  Stalker  
  67  5:51  Probe  
  69  5:58  Probe  
  69  6:03  Probe  
  71  6:08  Pylon  
  71  6:10  Probe  
  72  6:17  Stalker x3  
  78  6:23  Pylon  
  78  6:25  Assimilator  
  78  6:26  Probe x2  
  78  6:28  Shield Battery  
  80  6:38  Probe  
  81  6:44  Stalker  
  81  6:45  Stalker  
  86  6:49  Stalker  
  86  6:52  Nexus, Observer  
  87  7:01  Probe x2  
  89  7:09  Zealot x2  
  89  7:14  Probe  
  94  7:19  Probe  
  89  7:23  Stalker  
  89  7:27  Probe  
  88  7:31  Probe  
  88  7:33  Stalker x2  
  93  7:39  Probe  
  94  7:47  Pylon x2  
Show
View Real Time Build Order
Export as new Build Order

ExpecT Terran 

Build Orders: 1/1/1, Liberator Opening 

Get SALT Encoding   

  12  0:00  SCV  
  13  0:12  SCV  
  14  0:16  Supply Depot  
  14  0:25  SCV  
  15  0:38  SCV  
  15  0:39  Barracks  
  16  0:43  Refinery  
  16  0:50  SCV  
  16  0:53  Refinery  
  17  1:02  SCV  
  18  1:07  Supply Depot  
  18  1:14  SCV  
  19  1:27  Marine  
  19  1:32  Factory  
  20  1:44  Orbital Command  
  20  1:52  Barracks Reactor  
  20  2:09  SCV  
  21  2:17  Hellion  
  21  2:18  Starport  
  21  2:21  SCV  
  24  2:29  Marine x2  
  26  2:32  Supply Depot  
  26  2:33  SCV  
  27  2:38  Hellion  
  30  2:51  SCV  
  30  2:54  Medivac  
  32  3:00  Hellion  
  34  3:07  Marine x2  
  34  3:09  Supply Depot  
  36  3:19  Bunker  
  36  3:21  Bunker  
  36  3:26  Liberator  
  39  3:29  Factory Tech Lab  
  39  3:33  Marine  
  39  3:34  Marine  
  41  3:42  Supply Depot  
  41  3:54  Marine  
  41  3:55  Marine  
  46  4:16  Marine x2  
  45  4:27  Command Center  
  45  4:30  SCV  
  46  4:33  Barracks  
  46  4:39  Marine x2  
  46  4:42  SCV  
  49  4:47  Barracks  
  49  4:55  SCV  
  49  4:57  Marine x2  
  52  5:05  Bunker  
  52  5:06  Supply Depot  
  52  5:16  Supply Depot  
  52  5:21  Marine x2  
  52  5:24  Factory Tech Lab  
  52  5:26  Barracks Tech Lab  
  54  5:37  SCV, Barracks Tech Lab  
  55  5:44  Orbital Command, Siege Tank  
  58  5:50  Stimpack  
  58  6:00  Marauder  
  58  6:02  Marauder  
  62  6:06  Orbital Command  
  62  6:08  Marine x2  
  62  6:09  SCV  
  62  6:22  Siege Tank  
  65  6:27  SCV  
  65  6:29  Engineering Bay  
  65  6:31  SCV  
  67  6:37  Marauder, Marine x2  
  67  6:39  Marauder  
  69  6:44  SCV x2  
  71  6:55  Starport  
  71  7:00  SCV  
  72  7:03  SCV  
  73  7:10  Supply Depot  
  73  7:11  Marine  
  73  7:12  SCV, Marauder x2, Marine  
  71  7:27  Siege Tank  
  56  7:33  Marauder  
Tags
 
Add a new tag
Caveats
  • Supply blocks, unpowered buildings, or Contaminate may cause inaccurate times.
  • Supply counts are checked every 10 seconds.